 Dungeon Crawl Stone Soup version 0.28-a0-1202-g1e6f1b2279 (webtiles) character file.

Game seed: 12997926082575259591

212 ChaosChampion the Insei (level 5, -4/41 HPs)
             Began as a Draconian Transmuter on Dec 20, 2021.
             Slain by a scorpion (6 damage)
             ... on level 3 of the Dungeon.
             The game lasted 00:03:00 (2121 turns).

ChaosChampion the Insei (Draconian Transmuter)      Turns: 2121, Time: 00:03:01

Health: -4/41      AC:  5    Str: 12    XL:     5   Next: 58%
Magic:  8/8        EV: 12    Int: 15    God:
Gold:   96         SH:  0    Dex: 12    Spells: 5/8 levels left

rFire   . . .      SeeInvis .     - Unarmed
rCold   . . .      Faith    .   (no shield)
rNeg    . . .      Spirit   .   (armour unavailable)
rPois   .          Reflect  .   (helmet restricted)
rElec   .          Harm     .   (no cloak)
rCorr   .          Rampage  .   (no gloves)
Will    .....                   (no boots)
Stlth   +.........              (no amulet)
HPRegen 0.13/turn               (no ring)
MPRegen 0.11/turn               (no ring)

@: lethally poisoned (-4 -> -7)
A: AC +5, unfitting armour, cold-blooded
a: no special abilities


You were on level 3 of the Dungeon.
You visited 1 branch of the dungeon, and saw 3 of its levels.

You collected 96 gold pieces.

Inventory:

Hand Weapons
 j - the +11 hand axe of Extinguishment {antimagic, rCorr}
   (You found it on level 3 of the Dungeon)

   It reduces the magical energy of the wielder, and disrupts the spells and
   magical abilities of those it strikes.
   Natural abilities and divine invocations are not affected.
   rCorr:     It protects you from acid and corrosion.
Missiles
 i - 16 poisoned darts (quivered)
Scrolls
 a - 2 scrolls of teleportation {unknown}
 b - a scroll of fog {unknown}
 f - a scroll of vulnerability {unknown}
 g - 3 scrolls of fear {unknown}
 h - 2 scrolls of enchant weapon {unknown}
 k - a scroll of immolation {unknown}
 l - a scroll of enchant armour {unknown}
Potions
 c - a potion of mutation {unknown}
 d - 2 potions of lignification {unknown}
 e - a potion of invisibility {unknown}


   Skills:
 - Level 1.7 Fighting
 - Level 2.1 Dodging
 * Level 5.0 Unarmed Combat
 - Level 2.3 Spellcasting
 + Level 3.5 Transmutations


You had 5 spell levels left.
You knew the following spells:

 Your Spells              Type           Power      Damage    Failure   Level
a - Beastly Appendage     Tmut           24%        N/A       4%          1
b - Wereblood             Tmut           12%        N/A       8%          2

Your spell library contained the following spells:

 Spells                   Type           Power      Damage    Failure   Level
 Spider Form              Tmut/Pois      7%         N/A       30%         3
 Ice Form                 Ice/Tmut       7%         N/A       71%         4


Dungeon Overview and Level Annotations

Branches:
Dungeon (3/15)

Altars:
Gozag


Innate Abilities, Weirdness & Mutations

Your plain brown scales are hard. (AC +5)
You cannot fit into any form of body armour.
You are cold-blooded and may be slowed by cold attacks.


Message History

The scorpion is severely wounded.
The scorpion stings you!
You are poisoned.
The scorpion poisons you!
You are too injured to fight recklessly!
You are too injured to fight recklessly!
Throw: 17 darts (poison)
Press: ? - help, Q - select action, (/) - cycle Shift-Dir - straight line, f - scorpion
Aim: a scorpion (severely wounded, 56% to hit)
You throw a poisoned dart.
The poisoned dart barely misses the scorpion.
You feel very sick.
The scorpion stings you but does no damage.
The scorpion barely misses you.
You are too injured to fight recklessly!
You are too injured to fight recklessly!
You are too injured to fight recklessly!
You barely miss the scorpion.
The scorpion is severely wounded.
You feel very sick. The scorpion stings you.
* * * LOW HITPOINT WARNING * * *
You closely miss the scorpion.
Your tail-slap misses the scorpion.
The scorpion is severely wounded.
You feel sick. The scorpion barely misses you.
You hit the scorpion but do no damage. Your kick misses the scorpion.
Your tail-slap misses the scorpion.
The scorpion is severely wounded.
Your horns disappear.
Your talons disappear.
You feel sick.
The scorpion stings you but does no damage.
You hit the scorpion.
Your tail-slap misses the scorpion.
The scorpion is severely wounded.
You feel sick. The scorpion stings you.
* * * LOW HITPOINT WARNING * * *
You barely miss the scorpion.
The scorpion is severely wounded.
* * * LOW HITPOINT WARNING * * *
You feel sick. The scorpion stings you.
You die...

#.....≈..#.# #.....###
#.....≈....######.##...##
#.....≈..##............##
#.##.#≈#.##.######.#...##
#....#≈#.##..#####.##.##
######≈#.##....#......#
###.....#.#.######
#.#####.#.....##
#(s@.......)≈≈.#
......######.......#
##### #'......≈.##
#≈≈≈≈≈##.#.....# #....≈
#.#..#### ## #....≈
#.#.### #. #....≈ #.#...#
#####. #'##### #.###.#
#..... . #.# #.###.####


You could see a scorpion.

Vanquished Creatures
  An ice beast (D:3)
  A hound skeleton (D:3)
  3 adders
  A worm (D:2)
  A dart slug (D:1)
  An orc (D:3)
  6 ball pythons
  10 bats
  4 endoplasms
  4 giant cockroaches
  6 goblins
  8 hobgoblins
  5 jackals
  2 quokkas
  2 frilled lizards (D:2)
  7 kobolds
  11 rats
73 creatures vanquished.

Notes
Turn   | Place    | Note
-------+----------+-------------------------------------------
     0 | D:1      | ChaosChampion the Draconian Transmuter began the quest for
                  | the Orb.
     0 | D:1      | Reached XP level 1. HP: 16/16 MP: 3/3
   320 | D:1      | Reached XP level 2. HP: 17/23 MP: 3/5
   555 | D:1      | Learned a level 2 spell: Wereblood
   632 | D:1      | Reached XP level 3. HP: 27/29 MP: 4/6
  1312 | D:2      | Reached XP level 4. HP: 36/36 MP: 5/7
  1615 | D:3      | Reached skill level 4 in Unarmed Combat
  1644 | D:3      | Noticed an ice beast
  1656 | D:3      | Killed an ice beast
  1657 | D:3      | Reached XP level 5. HP: 41/41 MP: 4/8
  1734 | D:3      | Reached skill level 5 in Unarmed Combat
  1748 | D:3      | Identified the +11 hand axe of Extinguishment {antimagic,
                  | rCorr}
  1837 | D:3      | Found an opulent altar of Gozag.
  2121 | D:3      | HP: 2/41 [poisoned by a scorpion]
  2121 | D:3      | Slain by a scorpion

Illustrated notes

Levels and vault maps discovered:
D:1:      nzn_arrival_settlement, layout_loops_ring,
          hangedman_abyss_or_decor_lesser_grid
D:2:      layout_rooms
D:3:      minmay_octagon_keep, layout_basic,
          mainiacjoe_overflow_six_doors_small, serial_rivers,
          chequers_serial_rivers_micro_b, chequers_serial_rivers_room_a,
          chequers_serial_rivers_micro_c, chequers_serial_rivers_room_a,
          chequers_serial_rivers_micro_a, hellmonk_ecumenical_altar_arch_garden

Skill      XL: |  1  2  3  4  5 |
---------------+----------------+-----
Dodging        | 2 |  2.1
Unarmed Combat | 4 5 |  5.0
Transmutations | 3 |  3.5
Fighting       | |  1.7
Spellcasting   | |  2.3

Action                   |  1- 3 |  4- 6 || total
-------------------------+-------+-------++-------
Melee: Unarmed           |   136 |    66 ||   202
       Kick              |    11 |    13 ||    24
       Tailslap          |    12 |     2 ||    14
       Headbutt          |     4 |     7 ||    11
       Punch             |     1 |       ||     1
Throw: Dart              |       |    14 ||    14
 Cast: Beastly Appendage |    18 |    11 ||    29
       Wereblood         |     2 |     4 ||     6
Armor: Skin              |    68 |    17 ||    85
Dodge: Dodged            |   125 |    42 ||   167

Table legend: (Time is in decaauts)
 A = Elapsed time spent in this place.
 B = Non-inter-level travel time spent in this place.
 C = Inter-level travel time spent in this place.
 D = Time resting spent in this place.
 E = Time spent auto-exploring this place.
 F = Levels seen in this place.
 G = Mean time per level.
                   A        B        C        D        E       F      G
               +--------+--------+--------+--------+--------+-----+--------+
         Total |   2109 |   2043 |     66 |      0 |   1618 |   3 |  703.0 |
       Dungeon |   2109 |   2043 |     66 |      0 |   1618 |   3 |  703.0 |
               +--------+--------+--------+--------+--------+-----+--------+

Top non-repeatable levels by time:
     D:1: 1011 daAuts
     D:3: 556 daAuts
     D:2: 541 daAuts
